[Event "Early-Titled-Tuesday-Blitz-February-27-2024"]
[Site "Chess.com"]
[Date "2024.02.27"]
[Round "7"]
[White "IngOscarArdila"]
[Black "Chessbard1972"]
[Result "0-1"]
[WhiteElo "2287"]
[BlackElo "2448"]
[TimeControl "180+1"]
[EndTime "9:15:37 PST"]
[Termination "Chessbard1972 won by checkmate"]

1. d4 Nf6 2. c4 g6 3. Nc3 Bg7 4.
Nf3 O-O 5. e3 d5 6. Be2 c5 7.
O-O Nc6 8. cxd5 Nxd5 9. Nxd5 Qxd5 10. dxc5 Qxc5 11. Qa4 Bf5 12. Qb3 Bc2 13. Qxb7 Rab8 14. Qa6 Rb6 15. Qc4 Qxc4 16. Bxc4 Bxb2 17. Bxb2 Rxb2 18. Rfc1 Rd8 19. h3 e6 20. Bb3 Nb4 21.
Nd4 Be4 22. Rc7 a5 23. f3 Bd5 24. Bxd5 Nxd5 25. Ra7 Nxe3 26. Nc6 Rdd2 27. Ra8+ Kg7 28. Rb8 Rxg2+ 29. Kh1 Rh2+ 30. Kg1 Rbg2# 0-1

[Event "Early-Titled-Tuesday-Blitz-February-27-2024"]
[Site "Chess.com"]
[Date "2024.02.27"]
[Round "7"]
[White "Road2GM3000"]
[Black "bescmelasti"]
[Result "0-1"]
[WhiteElo "2437"]
[BlackElo "2637"]
[TimeControl "180+1"]
[EndTime "9:15:38 PST"]
[Termination "bescmelasti won by resignation"]

1. d4 Nf6 2. c4 e6 3. Nc3 d5 4. cxd5 exd5 5. Bg5 c6 6. e3 Be7 7. Bd3 h6 8. Bh4 O-O 9. Qc2 a5 10. Nge2 Na6 11. a3 Nc7 12. h3 Re8 13. Rg1 Ne4 14.
Bxe4 Bxh4 15. Bd3 b5 16. g3 Bf6 17. h4 Bg4 18. Kf1 Bh3+ 19. Ke1 Qd7 20. Rd1 Bg4 21. Kf1 Bh3+ 22. Ke1 g6 23. Rh1 Bg4 24. Kf1 Bf3 25. Rh2 Ne6 26. Re1 b4 27. axb4 axb4 28. Na4 Qa7 29. Nc5 Nxc5 30. dxc5 b3 31. Qb1 Qxc5 32. Rc1 Qd6 33. Nf4 Be5 34. h5 g5 35. Nh3 Ra2 36. Ng1 Rxb2 37. Nxf3 Rxb1 38. Rxb1 b2 39. Kg2 Ra8 40. Rhh1 Ra1 41. Rhd1 Rxb1 42. Rxb1 Bf6 43. Nd4 Bxd4 44. exd4 Qb4 45. Kf3 Qxd4 46. Ke2 c5 47.
Rd1 c4 48. Bb1 Qe5+ 49. Kf1 d4 50. Re1 Qd5 51. Re8+ Kg7 52. Re7 Qh1+ 53. Ke2 Qxb1 0-1

[Event "Early-Titled-Tuesday-Blitz-February-27-2024"]
[Site "Chess.com"]
[Date "2024.02.27"]
[Round "7"]
[White "ChessQueen"]
[Black "Eagle_2019"]
[Result "1-0"]
[WhiteElo "2773"]
[BlackElo "2880"]
[TimeControl "180+1"]
[EndTime "9:15:39 PST"]
[Termination "ChessQueen won by resignation"]

1. Nf3 d5 2. g3 c6 3. Bg2 Bg4 4. O-O Nd7 5. d4 e6 6. h3 Bh5 7. c4 Ngf6 8. Qb3 Qb6 9. c5 Qa6 10. Qd1 Be7 11. Nc3 O-O 12. b4 Ne4 13. Bb2 Ndf6 14.
g4 Bg6 15. Ne5 Nxc3 16. Bxc3 Be4 17. f3 Bg6 18. a4 b5 19. axb5 Qxb5 20. h4 h5 21. g5 Ne8 22. Nd7 Nc7 23. Nxf8 Bxf8 24. Qd2 Qb7 25. e4 Nb5 26. Bb2 Rd8 27. e5 Bf5 28.
Ra5 g6 29. Rfa1 Rd7 30. Bf1 Be7 31. Bxb5 cxb5 32. Ra6 Qb8 33. Bc3 Kg7 34. Qa2 Qd8 35. Bd2 Bd3 36. Rxa7 Rxa7 37. Qxa7 Qe8 38. Qb7 Bc4 39.
Ra8 1-0

[Event "Early-Titled-Tuesday-Blitz-February-27-2024"]
[Site "Chess.com"]
[Date "2024.02.27"]
[Round "7"]
[White "Misterfox120"]
[Black "Pikku_Myy73"]
[Result "0-1"]
[WhiteElo "2423"]
[BlackElo "2292"]
[TimeControl "180+1"]
[EndTime "9:15:40 PST"]
[Termination "Pikku_Myy73 won by resignation"]

1. d4 d5 2. Nf3 Nf6 3. Bf4 c5 4. e3 Nc6 5. Nbd2 e6 6. c3 Bd6 7.
Bg3 O-O 8. Bd3 b6 9. Qe2 Qc7 10. Bxd6 Qxd6 11. e4 Qe7 12. e5 Nd7 13. h4 cxd4 14. cxd4 f5 15. exf6 Qxf6 16. Ng5 Nxd4 17. Bxh7+ Kh8 18. Qh5 Qh6 19. Qg4 e5 20. Bb1 Nf6 21.
Qg3 Ng4 22. O-O Ne2+ 0-1

[Event "Early-Titled-Tuesday-Blitz-February-27-2024"]
[Site "Chess.com"]
[Date "2024.02.27"]
[Round "7"]
[White "ajian"]
[Black "nekotyanof"]
[Result "0-1"]
[WhiteElo "2481"]
[BlackElo "2635"]
[TimeControl "180+1"]
[EndTime "9:15:42 PST"]
[Termination "nekotyanof won by resignation"]

1. d4 Nf6 2. c4 g6 3. Nc3 d5 4. cxd5 Nxd5 5. e4 Nxc3 6. bxc3 Bg7 7. Bc4 c5 8. Ne2 O-O 9. O-O Nc6 10. Be3 Bg4 11.
f3 Na5 12. Bb3 Bd7 13. Rb1 cxd4 14. cxd4 Nxb3 15. Qxb3 b6 16. Rfd1 Rc8 17. d5 Qc7 18. Rbc1 Qb7 19. Nd4 Qa6 20. Nc6 Rfe8 21. Kf2 e6 22. a4 exd5 23. exd5 h5 24. Re1 Qb7 25. Qb5 h4 26. a5 Be5 27. f4 Bc7 28. Bd2 Bd6 29. Kg1 Rxe1+ 30. Rxe1 Bxc6 31. dxc6 Qxc6 32. Qxc6 Rxc6 33. axb6 axb6 34. Rb1 Bc5+ 35. Kf1 Rd6 36. Be1 h3 37. gxh3 Rd3 38. Bf2 Rf3 39. Rb2 Rxf4 40. Kg2 Rxf2+ 41. Rxf2 Bxf2 42. Kxf2 Kh7 0-1

[Event "Early-Titled-Tuesday-Blitz-February-27-2024"]
[Site "Chess.com"]
[Date "2024.02.27"]
[Round "7"]
[White "GodzillaChessYoutube"]
[Black "Genghis_K"]
[Result "0-1"]
[WhiteElo "2674"]
[BlackElo "2936"]
[TimeControl "180+1"]
[EndTime "9:15:44 PST"]
[Termination "Genghis_K won on time"]

1. d4 Nf6 2. Bf4 d5 3. e3 c5 4. Nf3 e6 5. c3 Bd6 6. Bg3 O-O 7. Nbd2 Qc7 8. dxc5 Qxc5 9. Bd3 Nbd7 10. Qe2 e5 11. e4 dxe4 12. Nxe4 Nxe4 13. Bxe4 Nf6 14.
Bc2 e4 15. Nd4 Re8 16. O-O-O Bg4 17. Qd2 Bxg3 18. hxg3 Bxd1 19. Rxd1 e3 20. fxe3 Qg5 21. Nf5 g6 22. Nd6 Re7 23. Nc4 Qxg3 24. Qd4 Qg5 25. Kb1 Rd7 26. Qe5 Rxd1+ 27. Bxd1 Qxe5 28. Nxe5 Re8 29. Nc4 b5 30. Nd6 Rd8 0-1

[Event "Early-Titled-Tuesday-Blitz-February-27-2024"]
[Site "Chess.com"]
[Date "2024.02.27"]
[Round "7"]
[White "Truequitos"]
[Black "Der_Balak_3Halak"]
[Result "1-0"]
[WhiteElo "2594"]
[BlackElo "2449"]
[TimeControl "180+1"]
[EndTime "9:15:44 PST"]
[Termination "Truequitos won by resignation"]

1. Nf3 e6 2. d4 d5 3. Bf4 Nf6 4. e3 Bd6 5. Ne5 O-O 6. Bd3 c5 7. c3 Nc6 8. Nd2 Qe7 9. O-O h6 10. Bg3 Bd7 11. f4 Rac8 12. Bh4 Kh8 13. Nxd7 Qxd7 14.
Bxf6 gxf6 15. Qh5 Kg7 16. Rf3 Rh8 17. Qh4 Be7 18. Rg3+ Kf8 19. Qg4 Bd6 20. Qg7+ Ke7 21. Rf1 f5 22. Nf3 c4 23. Bc2 Qe8 24. Ne5 Qf8 25.
Ng6+ Kd7 26. Nxf8+ Rcxf8 27. Bd1 Be7 28. Bh5 Nd8 29. e4 dxe4 30. d5 Bd6 31. Qd4 exd5 32. Qxd5 Ne6 33. Rd1 1-0

[Event "Early-Titled-Tuesday-Blitz-February-27-2024"]
[Site "Chess.com"]
[Date "2024.02.27"]
[Round "7"]
[White "Predator0608"]
[Black "ReinisUz"]
[Result "0-1"]
[WhiteElo "2556"]
[BlackElo "2404"]
[TimeControl "180+1"]
[EndTime "9:15:45 PST"]
[Termination "ReinisUz won by resignation"]

1. f4 c5 2. Nf3 Nc6 3. g3 g6 4.
Bg2 Bg7 5. O-O d5 6. d3 f5 7. e4 dxe4 8. dxe4 Qxd1 9. Rxd1 fxe4 10. Ne1 Bf5 11. c3 Nf6 12. Na3 O-O 13. h3 h5 14. Be3 b6 15. Kf2 Rad8 16. Ke2 Kf7 17. Bf2 e5 18. Nc4 exf4 19. gxf4 Nd5 20. Bg3 Bh6 21. Ne5+ Nxe5 22. fxe5 Nf4+ 23. Bxf4 Bxf4 24. Nc2 Ke6 25. Ne3 Bxe5 26. Bf1 Bf4 27. Kf2 Bxe3+ 28. Kxe3 Ke5 29. Bg2 Rfe8 30. a4 Rd3+ 31. Rxd3 exd3 32.
a5 Kf6+ 33. Kf4 g5+ 34. Kg3 Re3+ 35. Kf2 Re2+ 36. Kg3 h4+ 0-1

[Event "Early-Titled-Tuesday-Blitz-February-27-2024"]
[Site "Chess.com"]
[Date "2024.02.27"]
[Round "7"]
[White "ViktoriyaTarasova"]
[Black "guillembaches"]
[Result "0-1"]
[WhiteElo "2318"]
[BlackElo "2523"]
[TimeControl "180+1"]
[EndTime "9:15:45 PST"]
[Termination "guillembaches won by resignation"]

1. d4 d5 2. c4 e6 3. Nc3 a6 4. cxd5 exd5 5. Bf4 Nf6 6. e3 c5 7. Nf3 c4 8. Be2 b5 9. a3 Bb7 10. O-O Be7 11. Ne5 O-O 12. f3 Nc6 13. g4 Na5 14. Kh1 Nb3 15. Rb1 Nd7 16. Qc2 Nxe5 17. Bxe5 Bd6 18. Rbd1 Re8 19. Qf5 Qe7 20. Bxd6 Qxd6 21.
e4 g6 22. e5 gxf5 23. exd6 f4 24. g5 Rad8 25. Rg1 Bc8 26. Bf1 Rxd6 27. Ne2 Re3 28. Nxf4 Rxf3 29. Nh5 Bf5 30. Nf6+ Kg7 31. Bg2 Rf2 32.
Bxd5 Rxd5 33. Nxd5 Be4+ 0-1

[Event "Early-Titled-Tuesday-Blitz-February-27-2024"]
[Site "Chess.com"]
[Date "2024.02.27"]
[Round "7"]
[White "Chernov_Alexander_A"]
[Black "Let_it_be_1"]
[Result "0-1"]
[WhiteElo "2348"]
[BlackElo "2548"]
[TimeControl "180+1"]
[EndTime "9:15:46 PST"]
[Termination "Let_it_be_1 won on time"]

1. d4 d5 2. Nc3 e6 3. e4 Nf6 4.
Bg5 dxe4 5. Nxe4 Be7 6. Bxf6 Bxf6 7. Nf3 O-O 8. Bc4 b6 9. Qe2 Bb7 10. O-O-O Be7 11. h4 Nd7 12. c3 Nf6 13. Nxf6+ Bxf6 14. Ne5 Bxe5 15. dxe5 Qe7 16. Bd3 Rad8 17. f4 Qc5 18.
Rhe1 Qa5 19. Kb1 Qa4 20. g3 h6 21. Bc2 Qc6 22. Ka1 Qf3 23. Qh2 h5 24. Rxd8 Rxd8 25.
Bb1 g6 26. a3 a5 27. Qh3 Rd1 28. Rxd1 Qxd1 29. Qh2 Be4 0-1

[Event "Early-Titled-Tuesday-Blitz-February-27-2024"]
[Site "Chess.com"]
[Date "2024.02.27"]
[Round "7"]
[White "Zohid6"]
[Black "Aygehovit1992"]
[Result "1-0"]
[WhiteElo "2862"]
[BlackElo "2685"]
[TimeControl "180+1"]
[EndTime "9:15:48 PST"]
[Termination "Zohid6 won by resignation"]

1. e4 c5 2. Nf3 e6 3. c3 d5 4. e5 d4 5. Bd3 Bd7 6. O-O Bc6 7. Na3 g5 8. Nc2 g4 9. Nfe1 h5 10. b4 dxc3 11. b5 Bd5 12. dxc3 c4 13. Be2 Nd7 14. f4 Bc5+ 15. Be3 Bxe3+ 16. Nxe3 Qb6 17. Nc2 Ne7 18. a4 O-O-O 19. Qd4 Kb8 20. Qxb6 axb6 21. Bxc4 Bxc4 22. Nxc4 Rc8 23. N2e3 Nf5 24.
Nxf5 Rxc4 25. Nd6 Rxc3 26. Nxf7 Rf8 27. Ng5 Nc5 28. a5 bxa5 29. Rxa5 b6 30. Ra2 Rd8 31.
Rfa1 Re8 32. Ra8+ Kc7 33. Rxe8 1-0

[Event "Early-Titled-Tuesday-Blitz-February-27-2024"]
[Site "Chess.com"]
[Date "2024.02.27"]
[Round "7"]
[White "Aisen1011"]
[Black "Zavgorodniy_Sergiy"]
[Result "1/2-1/2"]
[WhiteElo "2485"]
[BlackElo "2624"]
[TimeControl "180+1"]
[EndTime "9:15:48 PST"]
[Termination "Game drawn - insufficient material"]

1. d4 d5 2. c4 dxc4 3. Nf3 Nf6 4. e3 e6 5. Bxc4 a6 6. a4 c5 7. O-O Nc6 8. Nc3 cxd4 9. exd4 Nb4 10. Bg5 Be7 11. Re1 O-O 12. Ne5 Nfd5 13. Be3 b6 14. Nxd5 exd5 15. Be2 Bf5 16. Rc1 f6 17. Nd3 Nxd3 18.
Bxd3 Bxd3 19. Qxd3 Qd7 20. Qb3 b5 21. axb5 axb5 22. Bf4 Rfc8 23. h3 Rc4 24. Qe3 Kf7 25. b3 Rxc1 26. Rxc1 Rc8 27. Rxc8 Qxc8 28. Qd3 Qe6 29. Be3 Qe4 30. Qxb5 f5 31. Qb8 g5 32. Qe5 f4 33. Qxe4 dxe4 34. Bd2 Ke6 35. h4 h6 36.
hxg5 hxg5 37. g3 Bd6 38. gxf4 gxf4 39. Kf1 Kd5 40. Bc3 Bc7 41. Ke2 Bb6 42. f3 Bxd4 43. fxe4+ Kxe4 44. Bxd4 Kxd4 45. b4 Kc4 46. Kf3 Kxb4 47.
Kxf4 1/2-1/2

[Event "Early-Titled-Tuesday-Blitz-February-27-2024"]
[Site "Chess.com"]
[Date "2024.02.27"]
[Round "7"]
[White "Bkmzzzzz"]
[Black "CarlosjPineror"]
[Result "1-0"]
[WhiteElo "2402"]
[BlackElo "2545"]
[TimeControl "180+1"]
[EndTime "9:15:48 PST"]
[Termination "Bkmzzzzz won by resignation"]

1. e4 c5 2. Nf3 e6 3. d3 Nc6 4.
g3 d5 5. Nbd2 Nf6 6. Bg2 Be7 7.
O-O O-O 8. e5 Nd7 9. Re1 b5 10. h4 a5 11. Nf1 b4 12. h5 Nd4 13.
N1h2 a4 14. a3 b3 15. Nxd4 cxd4 16. cxb3 axb3 17. Qxb3 Ba6 18. Qd1 Nc5 19. Bf1 Qd7 20. b4 Na4 21. h6 g6 22. Ng4 Rac8 23. Qf3 Qd8 24. Qf4 f5 25. exf6 Bxf6 26. Rxe6 Bh8 27.
Qg5 Bb5 28. Qxd8 Rfxd8 29. Bg5 Re8 30. Rxe8+ Rxe8 31. Bg2 Bc6 32. Nf6+ Bxf6 33. Bxf6 Nc3 34. Bf1 Ne2+ 35. Bxe2 Rxe2 36. Bxd4 Ba4 37. Rc1 Re7 38. Rc8+ Kf7 39. Rc5 Bd1 40. Kg2 Bb3 41. b5 Ke6 42. b6 Rb7 43. Rc8 Ba4 44. Rg8 Bc2 45. Rg7 Rb8 46.
Rxh7 Bxd3 47. Rg7 g5 48. h7 Rh8 49. b7 Bxh7 50. Rxh7 Rb8 51. Rg7 1-0

[Event "Early-Titled-Tuesday-Blitz-February-27-2024"]
[Site "Chess.com"]
[Date "2024.02.27"]
[Round "7"]
[White "MetiForce"]
[Black "jefferyx"]
[Result "0-1"]
[WhiteElo "2896"]
[BlackElo "3053"]
[TimeControl "180+1"]
[EndTime "9:15:50 PST"]
[Termination "jefferyx won by checkmate"]

1. d4 f5 2. Bg5 g6 3. e3 Bg7 4. h4 h6 5. Bf4 d6 6. Bc4 Nf6 7. Nc3 e6 8. Qd2 Qe7 9. Nge2 e5 10. Bh2 Be6 11. Bxe6 Qxe6 12. O-O-O Nbd7 13. Kb1 Nb6 14. dxe5 dxe5 15. Nb5 Qe7 16. Qc3 Nfd5 17. Qb3 c6 18.
c4 cxb5 19. cxd5 Qd7 20. h5 g5 21. e4 f4 22. f3 Nc4 23. Bg1 a6 24. Qd3 Bf8 25.
b3 Na3+ 26. Kb2 Rc8 27. Rc1 Rxc1 28. Nxc1 Bd6 29. Bf2 Kf7 30. Ne2 Rc8 31. Rc1 b4 32. Rxc8 Qxc8 33. Qd2 g4 34. Nc1 g3 35. Bg1 Bc5 36. Nd3 Bxg1 37. Nxe5+ Kg7 38. d6 Bd4+ 39. Qxd4 Qc2+ 40. Ka1 Qb1# 0-1

[Event "Early-Titled-Tuesday-Blitz-February-27-2024"]
[Site "Chess.com"]
[Date "2024.02.27"]
[Round "7"]
[White "LiadCuba"]
[Black "chess94cu"]
[Result "0-1"]
[WhiteElo "2494"]
[BlackElo "2681"]
[TimeControl "180+1"]
[EndTime "9:15:51 PST"]
[Termination "chess94cu won on time"]

1. d4 Nf6 2. c4 e6 3. Nc3 Bb4 4. f3 c5 5. d5 b5 6. e4 bxc4 7. Bxc4 exd5 8. Bxd5 Nxd5 9. Qxd5 Nc6 10. Ne2 O-O 11. Be3 Rb8 12. Kf2 Ne7 13. Qg5 Ba6 14. Rab1 d5 15. exd5 h6 16. Qg3 Nf5 17. Qf4 Nxe3 18.
Qxe3 Re8 19. Qf4 Bxe2 20. Nxe2 Qxd5 21. Rhd1 Qxa2 22. Kf1 Rbd8 23. Qg3 Rxd1+ 24. Rxd1 Qxb2 25. Qf2 a5 26. g4 a4 27. g5 hxg5 28. h4 gxh4 0-1

[Event "Early-Titled-Tuesday-Blitz-February-27-2024"]
[Site "Chess.com"]
[Date "2024.02.27"]
[Round "7"]
[White "Cambek64"]
[Black "hmatyi07"]
[Result "1-0"]
[WhiteElo "2492"]
[BlackElo "2294"]
[TimeControl "180+1"]
[EndTime "9:15:51 PST"]
[Termination "Cambek64 won on time"]

1. e4 c5 2. Nc3 e6 3. f4 d5 4.
Nf3 dxe4 5. Nxe4 Nf6 6. d3 Be7 7. Be2 O-O 8. O-O Nc6 9. c3 Bd7 10. Qc2 Qc7 11. Bd2 Rfd8 12. Rad1 Rac8 13. Bc1 h6 14. g3 b6 15. a3 Rb8 16. b3 Bc8 17.
Bb2 Bb7 18. c4 Nd4 19. Nxd4 cxd4 20. Nxf6+ Bxf6 21. b4 e5 22. fxe5 Qxe5 23. Bf3 Qe3+ 24. Kg2 Re8 25. Bc1 Bxf3+ 26. Rxf3 Qe6 27. Rdf1 Rbd8 28. Bxh6 Qe2+ 29. Qxe2 Rxe2+ 30. R1f2 Rde8 31. Bd2 Rxf2+ 32. Rxf2 Re6 33. Kf1 g6 34. Re2 Rd6 35. b5 Kg7 36. a4 Rd7 37. a5 bxa5 38. Bxa5 Rb7 39. Ke1 Bg5 40. Kd1 Rd7 41. Kc2 Bf6 42.
Kb3 Rb7 43. Ka4 Kf8 44. c5 1-0

[Event "Early-Titled-Tuesday-Blitz-February-27-2024"]
[Site "Chess.com"]
[Date "2024.02.27"]
[Round "7"]
[White "tetrix83"]
[Black "IlanSchnaider"]
[Result "1-0"]
[WhiteElo "2563"]
[BlackElo "2736"]
[TimeControl "180+1"]
[EndTime "9:15:52 PST"]
[Termination "tetrix83 won on time"]

1. e4 c5 2. Nf3 d6 3. Bb5+ Bd7 4. Bxd7+ Qxd7 5. O-O Nf6 6. e5 dxe5 7. Nxe5 Qc7 8. d4 cxd4 9. Bf4 Qb6 10. Na3 Nc6 11. Nac4 Qc5 12. Re1 e6 13. Qd3 Be7 14. Rad1 Rd8 15. Nxc6 bxc6 16. Be5 Qb5 17. Bxd4 O-O 18. Qb3 Qf5 19.
Ne5 Nd5 20. Nxc6 Rd7 21. Qg3 Qg6 22. c4 Qxg3 23. hxg3 Nb4 24. Nxe7+ Rxe7 25. Bc5 Rb7 26. Bxf8 Kxf8 27. a3 Nc6 28. b4 1-0

[Event "Early-Titled-Tuesday-Blitz-February-27-2024"]
[Site "Chess.com"]
[Date "2024.02.27"]
[Round "7"]
[White "Happy1712Drummer"]
[Black "ReadySkate"]
[Result "0-1"]
[WhiteElo "2385"]
[BlackElo "2543"]
[TimeControl "180+1"]
[EndTime "9:15:53 PST"]
[Termination "ReadySkate won on time"]

1. e4 c5 2. Nf3 e6 3. d4 cxd4 4. Nxd4 Nf6 5. Nc3 Nc6 6. Nxc6 bxc6 7. Bd3 d5 8. O-O Be7 9. exd5 cxd5 10. Bg5 O-O 11.
Re1 Rb8 12. b3 Bb4 13. Bd2 Qa5 14. Nb1 Ba6 15. Bxb4 Rxb4 16. Bxa6 Qxa6 17. Nd2 Rc8 18. c4 Rbb8 19. Qf3 Qa5 20. Red1 Rd8 21. h4 d4 22. Ne4 Nxe4 23. Qxe4 e5 24. h5 h6 25. Re1 f6 26. Red1 Qc7 27. Rd3 Qf7 28. Qf5 a5 29. Rg3 a4 30. Rb1 Kh8 31. Rc1 axb3 32. axb3 Re8 33. Re1 Qe6 34. Qg6 Qd7 35. Rd3 Rf8 36.
c5 Qf7 37. Qg4 Rxb3 38. Rxb3 Qxb3 39. Rc1 Qb2 40. Rd1 Qc2 41. Ra1 Qxc5 42. Qf5 Qc3 43. Rb1 Rd8 44. g3 d3 0-1

[Event "Early-Titled-Tuesday-Blitz-February-27-2024"]
[Site "Chess.com"]
[Date "2024.02.27"]
[Round "7"]
[White "Jospem"]
[Black "xamax2000"]
[Result "1-0"]
[WhiteElo "3065"]
[BlackElo "2830"]
[TimeControl "180+1"]
[EndTime "9:15:54 PST"]
[Termination "Jospem won by resignation"]

1. e4 e5 2. Nf3 Nc6 3. Nc3 Nf6 4. h3 Bb4 5. a3 Bxc3 6. dxc3 O-O 7. Bg5 d6 8. Bd3 Be6 9. Qd2 Nb8 10. O-O-O Nbd7 11. Qe3 c6 12. Bh4 Qa5 13. Be2 Qc7 14. Ng5 d5 15.
Bg3 Nxe4 16. Nxe4 dxe4 17. Qxe4 Rfe8 18. Qh4 Bf5 19. Rhe1 Nb6 20. Qg5 Bg6 21. h4 h6 22.
Qg4 Nd5 23. h5 Nf6 24. Qh4 Bh7 25. Bc4 b5 26. Bb3 a5 27. f3 a4 28. Ba2 Bf5 29.
Bh2 Bh7 30. g4 Nd5 31. g5 Qd8 32. Rg1 e4 33. Bxd5 cxd5 34. Qf4 hxg5 35. Rxg5 f6 36. Rgxd5 Qb8 37. Qxb8 1-0

[Event "Early-Titled-Tuesday-Blitz-February-27-2024"]
[Site "Chess.com"]
[Date "2024.02.27"]
[Round "7"]
[White "PavelChernomordik"]
[Black "Kostukov_Alex"]
[Result "0-1"]
[WhiteElo "2395"]
[BlackElo "2374"]
[TimeControl "180+1"]
[EndTime "9:15:55 PST"]
[Termination "Kostukov_Alex won by resignation"]

1. e4 c5 2. Nc3 g6 3. f4 Bg7 4. Nf3 Nc6 5. g3 e6 6. Bg2 Nge7 7. d3 d5 8. O-O O-O 9. h3 b6 10. g4 dxe4 11. Nxe4 Bb7 12. c3 Qd7 13. Qe2 Ba6 14. Rd1 Rad8 15. Nf2 Qc7 16. Bd2 Rd7 17. Be1 Qxf4 18.
Bd2 Qc7 19. Bg5 Nd5 20. Qe4 h6 21. Bd2 Kh7 22. h4 Qg3 23. h5 Nf6 24. hxg6+ fxg6 25. Qxe6 Re8 26. Qxc6 Bb7 27. Nh1 Qxg2+ 28. Kxg2 Bxc6 29. Kg3 Rxd3 30. Rf1 Ne4+ 31. Kh2 Nxd2 32. Nxd2 Rxd2+ 33. Rf2 Rxf2+ 34. Nxf2 Re2 35. Kg1 Rxb2 0-1

[Event "Early-Titled-Tuesday-Blitz-February-27-2024"]
[Site "Chess.com"]
[Date "2024.02.27"]
[Round "7"]
[White "ProChessWICTH"]
[Black "kai_nov"]
[Result "1-0"]
[WhiteElo "2510"]
[BlackElo "2326"]
[TimeControl "180+1"]
[EndTime "9:15:57 PST"]
[Termination "ProChessWICTH won by resignation"]

1. e4 c5 2. Nf3 Nc6 3. Bb5 a6 4.
Bxc6 dxc6 5. O-O Bg4 6. d3 e6 7. Be3 Bd6 8. Nbd2 Ne7 9. h3 Bh5 10. Nc4 O-O 11. e5 Bc7 12. Bxc5 b5 13. Nd6 Nd5 14. Nb7 Qb8 15. Bxf8 Qxf8 16. d4 f6 17. Qd3 fxe5 18. Nxe5 Nf4 19. Qe4 Qf6 20. Rae1 Qg5 21. Kh1 Bxe5 22. dxe5 Rf8 23. Re3 Bg6 24. Qxc6 Bf5 25.
Rg3 Qh4 26. Kh2 Ne2 27. Rf3 Nd4 28. Qc3 Nxf3+ 29. Qxf3 Bxc2 30. Qg3 Qc4 31. Rc1 Qc6 32. Nd6 Qe4 33. Nxe4 Bxe4 34. Rc7 1-0

[Event "Early-Titled-Tuesday-Blitz-February-27-2024"]
[Site "Chess.com"]
[Date "2024.02.27"]
[Round "7"]
[White "picturesquecheck"]
[Black "FredddieCroderg"]
[Result "1-0"]
[WhiteElo "2473"]
[BlackElo "2290"]
[TimeControl "180+1"]
[EndTime "9:15:58 PST"]
[Termination "picturesquecheck won on time"]

1. e4 c6 2. d4 d5 3. exd5 cxd5 4. Bd3 Nc6 5. c3 Qc7 6. h3 g6 7. Nf3 Bf5 8. O-O Bg7 9. Be2 Nf6 10. Na3 O-O 11. Re1 Ne4 12. Nb5 Qc8 13. Bf4 Bxh3 14. gxh3 Qxh3 15. Nh2 f5 16. Bf1 Qh4 17. Qf3 g5 18. Bg3 Qh6 19. Bg2 f4 20. Ng4 fxg3 21.
Nxh6+ Bxh6 22. Qxg3 Nxg3 23. fxg3 Rad8 24. Nc7 Rf5 25. g4 Rf4 26. Ne6 Rxg4 27. Nxd8 Nxd8 28. Rxe7 Nf7 29. Rf1 Nd6 30. Re6 Nf7 31. Rxf7 Kxf7 32. Rxh6 Kg7 33. Rd6 h5 34. Kf2 h4 35. Rd7+ Kf6 36. Bxd5 h3 37. Rh7 1-0

[Event "Early-Titled-Tuesday-Blitz-February-27-2024"]
[Site "Chess.com"]
[Date "2024.02.27"]
[Round "7"]
[White "Lion-Al-Messi"]
[Black "Pliukha_Mikhail"]
[Result "0-1"]
[WhiteElo "2531"]
[BlackElo "2748"]
[TimeControl "180+1"]
[EndTime "9:16:00 PST"]
[Termination "Pliukha_Mikhail won by resignation"]

1. e4 d5 2. exd5 Qxd5 3. Nc3 Qe5+ 4. Be2 Bg4 5. d4 Bxe2 6. Ngxe2 Qa5 7. Bf4 Nf6 8. O-O Nc6 9. Qd3 O-O-O 10. Rfd1 e6 11. a3 Qf5 12. Qxf5 exf5 13. Bg5 Be7 14. h3 h6 15. Bf4 g5 16. Bh2 Rhe8 17. d5 Na5 18.
Nb5 f4 19. Nxa7+ Kb8 20. Nb5 Nxd5 21. Kf1 Bf6 22. Rab1 Nc4 23. b3 Nce3+ 24. fxe3 Nxe3+ 25. Ke1 Nxd1 26. Rxd1 c6 27. Nd6 Re6 28. Nc4 Bc3+ 29. Nd2 Rde8 30. Kf1 Rxe2 31. Nf3 f5 32. g3 Rxh2 33.
Nxh2 fxg3 34. Nf3 g4 35. hxg4 fxg4 36. Nh4 Bf6 37. Nf5 h5 38. Nxg3 h4 39. Nh5 Bd8 40.
Ng7 Rf8+ 41. Ke2 Bc7 42. Rg1 g3 43. Nh5 Rf2+ 44. Kd3 g2 45. Ke3 Bb6+ 46. Kd3 h3 47.
Re1 h2 48. Ng3 Rf3+ 49. Ke4 Rxg3 0-1

[Event "Early-Titled-Tuesday-Blitz-February-27-2024"]
[Site "Chess.com"]
[Date "2024.02.27"]
[Round "7"]
[White "gpsji27"]
[Black "yuriydovzik"]
[Result "1-0"]
[WhiteElo "2352"]
[BlackElo "2124"]
[TimeControl "180+1"]
[EndTime "9:16:02 PST"]
[Termination "gpsji27 won on time"]

1. d4 Nf6 2. Nf3 e6 3. Bg5 c5 4. e3 Qb6 5. Qc1 Ne4 6. Bf4 d5 7. c3 Nc6 8. Nbd2 f5 9. Bd3 Be7 10. O-O O-O 11. a4 a6 12. Bxe4 fxe4 13. Ne5 Nxe5 14.
Bxe5 Bf6 15. f4 Bd7 16. a5 Qc6 17. Bxf6 Rxf6 18. dxc5 Qxc5 19. Nb3 Qa7 20. Nd4 Qc5 21. Qd2 Raf8 22. b4 Qc4 23. h3 Bb5 24. Rfe1 1-0

[Event "Early-Titled-Tuesday-Blitz-February-27-2024"]
[Site "Chess.com"]
[Date "2024.02.27"]
[Round "7"]
[White "ArtemDyachuk"]
[Black "Tashik"]
[Result "1-0"]
[WhiteElo "2685"]
[BlackElo "2498"]
[TimeControl "180+1"]
[EndTime "9:16:03 PST"]
[Termination "ArtemDyachuk won by resignation"]

1. d4 Nf6 2. Nf3 d5 3. c4 e6 4.
g3 Bb4+ 5. Bd2 Be7 6. Qc2 O-O 7. Bg2 Nbd7 8. O-O Ne4 9. Bf4 c6 10. Nfd2 g5 11. Be3 f5 12. f3 Nd6 13. Bf2 f4 14. e4 dxe4 15. fxe4 e5 16. Nc3 Bf6 17. d5 g4 18. c5 Nf7 19. Rfe1 f3 20. Bf1 Ng5 21. Nc4 Qe8 22. Nd6 Qh5 23. Nd1 Nh3+ 24. Bxh3 Qxh3 25. Ne3 Bg5 26. Rf1 Nf6 27. Rae1 Kh8 28. b4 cxd5 29. exd5 Nxd5 30. Qd2 Be6 31. Qb2 Bf4 32. gxf4 Nxf4 33. Bg3 Ne2+ 34. Rxe2 fxe2 35.
Qxe5+ Kg8 36. Qxe6+ Kh8 37. Be5+ 1-0

[Event "Early-Titled-Tuesday-Blitz-February-27-2024"]
[Site "Chess.com"]
[Date "2024.02.27"]
[Round "7"]
[White "Muslim_player_05"]
[Black "ScofieldMichael01"]
[Result "1-0"]
[WhiteElo "2478"]
[BlackElo "2587"]
[TimeControl "180+1"]
[EndTime "9:16:03 PST"]
[Termination "Muslim_player_05 won by resignation"]

1. d4 Nf6 2. c4 g6 3. Nc3 Bg7 4. e4 d6 5. f3 O-O 6. Be3 c6 7. Qd2 a6 8. a4 a5 9. Nge2 Na6 10. O-O-O Qc7 11. Kb1 e5 12. d5 cxd5 13. cxd5 Bd7 14. Nc1 Rfc8 15. Nb5 Bxb5 16. Bxb5 Nb4 17. Nb3 Qc2+ 18.
Qxc2 Rxc2 19. Rd2 Rac8 20. Nxa5 Nh5 21. Nb3 Nf4 22. Rxc2 Rxc2 23. Bd2 Rxd2 24. Nxd2 Nxg2 25. Rc1 Bh6 26. Rc8+ Kg7 27. Nc4 Ne1 28. Nxd6 Nxf3 29.
Nxb7 Nd2+ 30. Ka1 Nb3+ 31. Kb1 Nd2+ 32. Kc1 Nxe4+ 33. Kd1 f5 34. d6 f4 35. d7 Bg5 36.
d8=Q Bxd8 37. Rxd8 f3 38. a5 g5 39. a6 Nxa6 40.
Bxa6 g4 41. Nd6 Ng5 42. Rd7+ Kf6 43. Bd3 h5 44. Ne4+ Nxe4 45. Bxe4 Kg5 46. Rf7 h4 47.
Ke1 1-0